 Dungeon Crawl Stone Soup version 0.26.0-16-gc1dbca0489 (webtiles) character file.

Game seed: 13916676408482803247

34 kaeus the Sneak (level 3, -2/21 HPs)
             Began as an Octopode Hedge Wizard on Jan 22, 2021.
             Was an Initiate of Ashenzari.
             Slain by a gnoll
             ... wielding a +0 spear
              (6 damage)
             ... on level 1 of the Dungeon.
             The game lasted 00:01:20 (1266 turns).

kaeus the Sneak (Octopode Hedge Wizard)             Turns: 1266, Time: 00:01:21

Health: -2/21      AC:  1    Str:  9    XL:     3   Next: 31%
Magic:  1/7        EV: 13    Int: 17    God:    Ashenzari [......]
Gold:   17         SH:  0    Dex: 11    Spells: 7/8 levels left

rFire    . . .     SeeInvis .   f - +1 dagger (protect)
rCold    . . .     Faith    .   (no shield)
rNeg     . . .     Spirit   .   b - +0 hat
rPois    .         Reflect  .   (no amulet)
rElec    .         Harm     .   (no ring)
rCorr    .         Rampage  .   (no ring)
Will     .....                  (no ring)
Stlth    +++.......             (no ring)
HPRegen  0.07/turn              (no ring)
MPRegen  0.10/turn              (no ring)
                                (no ring)
                                (no ring)

@: no status effects
A: almost no armour, stealthy swim, amphibious, 8 rings, constrict 8, camouflage
1, gelatinous body 1
a: Renounce Religion, Curse Item


You were on level 1 of the Dungeon.
You worshipped Ashenzari.
Ashenzari was noncommittal.
You visited 1 branch of the dungeon, and saw 1 of its levels.

You collected 17 gold pieces.

Inventory:

Hand Weapons
 f - a +1 dagger of protection (weapon)
Armour
 b - a +0 hat (worn)
Scrolls
 e - a scroll of fear {unknown}
Potions
 a - a potion of attraction {unknown}
 c - 3 potions of haste {unknown}
 d - a potion of might {unknown}


   Skills:
 + Level 2.2 Dodging
 * Level 3.2 Stealth
 + Level 3.2 Spellcasting
 + Level 1.5 Conjurations
 + Level 1.5 Summonings
 + Level 1.4 Translocations


You had 7 spell levels left.
You knew the following spells:

 Your Spells              Type           Power        Failure   Level
a - Magic Dart            Conj           32%          9%          1

Your spell library contained the following spells:

 Spells                   Type           Power        Failure   Level
 Blink                    Tloc           N/A          14%         2
 Call Imp                 Summ           7%           14%         2
 Slow                     Hex            2%           26%         2
 Conjure Flame            Conj/Fire      5%           36%         3
 Mephitic Cloud           Conj/Pois/Air  4%           38%         3


Dungeon Overview and Level Annotations

Branches:
Dungeon (1/15)

Altars:
Ashenzari


Innate Abilities, Weirdness & Mutations

You cannot wear most types of armour.
You are very stealthy in the water. (Stealth+)
You are amphibious.
You can wear up to eight rings at the same time.
You can use your tentacles to constrict eight enemies at once.
Your skin changes colour to match your surroundings (Stealth+).
Your rubbery body absorbs attacks. (AC +1, EV +1)


Message History

You now have 3/7 mp.
A gnoll is nearby!
The magic dart hits the gnoll but does no damage.
The gnoll is severely wounded.
The gnoll hits you from afar with a +0 spear!
You take 9 damage, and have 12/21 hp.
MASSIVE DAMAGE!!
You now have 2/7 mp.
A gnoll is nearby!
The magic dart hits the gnoll but does no damage.
The gnoll is severely wounded.
The gnoll hits you from afar with a +0 spear!
* * * LOW HITPOINT WARNING * * *
A gnoll is nearby!
You are too injured to fight recklessly!
You take 8 damage, and have 4/21 hp.
MASSIVE DAMAGE!!
You now have 1/7 mp.
A gnoll is nearby!
You are too injured to fight recklessly!
You barely miss the gnoll. Your grab misses the gnoll.
The gnoll is severely wounded.
The gnoll hits you with a +0 spear.
You die...

#. #. #. ####### #.
#######...####### ...
##...###...###...###.##
##....###...###....##.
##..#..##.....##..#..##
#..##..#@..#...#..##..#
#..###.g..###....###..#
#..###....###....###..#
#..####...###...####..###
... ################....#
.. ##...# ##..) ####


You could see a gnoll.

Vanquished Creatures
  An ooze (D:1)
  2 dart slugs (D:1)
  2 leopard geckos (D:1)
  A bat (D:1)
  A giant cockroach (D:1)
  4 goblins (D:1)
  6 hobgoblins (D:1)
  2 kobolds (D:1)
  2 rats (D:1)
21 creatures vanquished.

Notes
Turn   | Place    | Note
-------+----------+-------------------------------------------
     0 | D:1      | kaeus the Octopode Hedge Wizard began the quest for the
                  | Orb.
     0 | D:1      | Reached XP level 1. HP: 11/11 MP: 4/4
   155 | D:1      | Found a broken altar of Ashenzari.
   165 | D:1      | Became a worshipper of Ashenzari the Shackled
   178 | D:1      | Reached XP level 2. HP: 8/17 MP: 0/6
   719 | D:1      | Reached XP level 3. HP: 20/21 MP: 3/7
  1266 | D:1      | Slain by a gnoll

Illustrated notes

Levels and vault maps discovered:
D:1:      lightli_arrival_statuegarden, layout_basic, minmay_parallelograms,
          hangedman_glass_teeth, evilmike_ruin_ashenzari

Skill      XL: |  1  2 |
---------------+-------+-----
Stealth        | 3 |  3.2
Dodging        | |  2.2
Spellcasting   | |  3.2
Conjurations   | |  1.5
Summonings     | |  1.5
Translocations | |  1.4

Action                   || total
-------------------------++-------
Melee: Dagger            ||    35
       Constrict         ||     6
       Tentacles         ||     2
 Cast: Magic Dart        ||    53
Dodge: Dodged            ||    20
